AoeStats
← Alvardo

Yucatan

510397581Analyzed
2v2 RM · 1d ago on Sep 30, 2026· 22m 30s· 4 players
Game mode
Random Map
Map size
Medium (4 player)
Population
200
Speed
Normal
Resources
Standard
Victory
Conquest
Starting age
Dark Age
Ending age
Imperial Age
RankedLock teamsTeams togetherTeam positionsShared explorationLock speedFull tech treeHidden civsTurbo modeCheats
Victory
Defeat
🇵🇹 Cumans · Portugal
1080
+13
🇵🇹 Mongols · Portugal
1042
+14
🇦🇷 Gurjaras · Argentina
1019
-14
🇦🇷 Malians · Argentina
993
-13
Alvardo
6:00 Loom
12:09 Feudal Age
18:50 Castle Age
19:32 Double-Bit Axe
20:52 Horse Collar
22:31 Heavy Plow
22:45 Bow Saw
JERO
7:25 Loom
11:07 Feudal Age
17:37 Castle Age
18:54 Scale Barding Armor
19:11 Fletching
19:29 Padded Archer Armor
19:23 Double-Bit Axe
19:21 Horse Collar
19:49 Gold Mining
20:55 Bodkin Arrow
22:03 Leather Archer Armor
Rocky Basto
10:36 Feudal Age
15:51 Castle Age
13:49 Double-Bit Axe
15:55 Scale Barding Armor
16:31 Loom
18:05 Husbandry
bitconnect
11:41 Feudal Age
16:06 Castle Age
14:19 Bloodlines
20:50 Loom
20:51 Horse Collar
Connection lost

Rejoining the realm…

Still unreachable

The connection could not be restored.

Session expired

The server has moved on; the page needs a fresh start.